 Dungeon Crawl Stone Soup version 0.31-a0-237-g2d982f9f85 (webtiles) character file.

Game seed: 3847117579654253891

523 HallandMoats the Trooper (level 7, -2/55 HPs)
             Began as a Demonspawn Fighter on July 11, 2023.
             Slain by a gnoll
             ... wielding a +0 halberd
              (9 damage)
             ... on level 4 of the Dungeon.
             The game lasted 00:06:58 (3237 turns).

HallandMoats the Trooper (Demonspawn Fighter)       Turns: 3237, Time: 00:06:59

Health: -2/55      AC: 10    Str: 18    XL:     7   Next: 2%
Magic:  7/7        EV:  9    Int:  9    God:
Gold:   171        SH:  9    Dex: 13    Spells: 6/6 levels left

rFire   . . .        a - +0 war axe
rCold   . . .        c - +0 buckler
rNeg    . . .        b - +0 scale mail
rPois   .            (no helmet)
rElec   .            n - +0 cloak
rCorr   .            (no gloves)
SInv    +            (no boots)
Will    .....        (no amulet) Stlth
                     o - ring of see invisible
HPRegen 0.29/turn    (no ring)
MPRegen 0.10/turn

%: no passive effects
@: no status effects
A: molten scales 1, condensation shield, demonic touch 1
a: no special abilities


You were on level 4 of the Dungeon.
You visited 1 branch of the dungeon, and saw 4 of its levels.

You collected 171 gold pieces.

Inventory:

Hand Weapons
 a - a +0 war axe (weapon)
Armour
 b - a +0 scale mail (worn)
 c - a +0 buckler (worn)
 m - the +0 robe "Lualuol" {Rampage *Corrode rF+ Will+ Str+2}
   (You found it on level 2 of the Dungeon)

   Str:       It affects your strength (+2).
   rF:        It protects you from fire.
   *Corrode:  It may corrode you when you take damage.
   Rampage:   It bestows one free step when moving towards enemies.
   Will:      It increases your willpower.
 n - a +0 cloak (worn)
Jewellery
 o - a ring of see invisible (left hand)
Wands
 d - a wand of polymorph (8)
Scrolls
 g - 2 scrolls of enchant armour {unknown}
Potions
 e - a potion of resistance {unknown}
 f - 2 potions of cancellation {unknown}
 j - a potion of heal wounds {unknown}


   Skills:
 * Level 4.8 Fighting
 * Level 3.8 Axes
 - Level 4.1 Armour
 + Level 4.2 Shields


You had 6 spell levels left.
You didn't know any spells.
Your spell library contained the following spells:

 Spells                   Type           Power      Damage    Failure   Level
 Shock                    Conj/Air       0%         1d3       83%         1
 Blink                    Tloc           0%         N/A       93%         2
 Cigotuvi's Dreadful Rot  Necr/Pois/Air  0%         N/A       93%         2
 Lesser Beckoning         Tloc           0%         N/A       93%         2
 Momentum Strike          Conj/Tloc      0%         3d8       93%         2
 Poisonous Vapours        Pois/Air       0%         N/A       93%         2
 Dazzling Flash           Conj/Hex       0%         N/A       99%         3
 Vhi's Electric Charge    Tloc/Air       0%         N/A       99%         3
 Dispel Undead            Necr           0%         3d6       100%        4
 Summon Lightning Spire   Summ/Air       0%         N/A       100%        4
 Agony                    Necr           0%         N/A       100%        5
 Silence                  Hex/Air        0%         N/A       100%        5
 Death Channel            Necr           0%         N/A       100%        6
 Maxwell's Capacitive Co  Air            0%         ∞         100%        8


Dungeon Overview and Level Annotations

Branches:
Dungeon (4/15)
 Temple: D:4-7

Altars:
Kikubaaqudgha


Innate Abilities, Weirdness & Mutations

You are partially covered in molten scales. (AC +2)
A meltable shield of frost defends you. (SH +4)
Your touch may inflict minor irresistible damage on your foes.


Message History

You slash the gnoll!
You kill the gnoll!
The gnoll hits you from afar with a +0 halberd.
You block the gnoll's attack. The gnoll hits you but does no damage.
The gnoll hits you from afar with a +0 spear.
The gnoll misses you.
You see here a +0 club.
You barely miss the gnoll. The gnoll hits you with a +0 halberd.
You block the gnoll's attack. x2
You barely miss the gnoll. You block the gnoll's attack. x2
The gnoll hits you from afar with a +0 spear.
The gnoll completely misses you. The gnoll barely misses you. x2
You barely miss the gnoll. The gnoll hits you but does no damage.
You block the gnoll's attack.
The gnoll hits you from afar with a +0 spear.
You hit the gnoll but do no damage. The gnoll closely misses you.
The gnoll barely misses you. The gnoll hits you but does no damage.
You closely miss the gnoll. You block the gnoll's attack.
The gnoll hits you from afar with a +0 halberd.
The gnoll hits you but does no damage. You block the gnoll's attack.
The gnoll hits you but does no damage. The gnoll barely misses you.
You hit the gnoll.
The gnoll is moderately wounded.
The gnoll hits you with a +0 halberd. You block the gnoll's attack.
The gnoll hits you but does no damage.
You closely miss the gnoll.
The gnoll is moderately wounded.
The gnoll closely misses you.
The gnoll hits you from afar with a +0 spear.
The gnoll hits you with a +0 halberd!
* * * LOW HITPOINT WARNING * * *
You slash the gnoll!
The gnoll is almost dead.
The gnoll hits you with a +0 halberd!
* * * LOW HITPOINT WARNING * * *
The gnoll misses you. You block the gnoll's attack.
The gnoll barely misses you. x2
The gnoll hits you from afar with a +0 halberd!
You die...

#.# #.......#
#.............#
#.###.......#
#......###....#
#...'.......#
#......# #....#
#####.......#
#......# #....+
##'######
##########....# #.#
########.........##
#.####>.....+.......
#.......#####g......
#..........@gg......
#........#####...?..
#........# ##.##
#........#
..........#
............#
######.......
#####.#


You could see 3 gnolls.

Vanquished Creatures
  Sigmund (D:3)
  A water moccasin (D:3)
  Natasha (twice) (D:3)
  8 gnolls
  5 adders (D:2)
  2 worms
  An orc (D:4)
  3 ball pythons
  7 endoplasms
  2 giant cockroaches (D:1)
  6 goblins
  6 hobgoblins
  3 jackals (D:1)
  A quokka (D:1)
  2 bats
  6 frilled lizards
  5 kobolds
  4 rats
65 creatures vanquished.

Vanquished Creatures (collateral kills)
  Natasha (D:3)
1 creature vanquished.

Grand Total: 66 creatures vanquished

Notes
Turn   | Place    | Note
-------+----------+-------------------------------------------
     0 | D:1      | HallandMoats the Demonspawn Fighter began the quest for the
                  | Orb.
     0 | D:1      | Reached XP level 1. HP: 18/18 MP: 1/1
   100 | D:1      | Gained mutation: You are partially covered in molten
                  | scales. (AC +2) [demonic ancestry]
   100 | D:1      | Reached XP level 2. HP: 24/24 MP: 2/2
   345 | D:1      | Reached XP level 3. HP: 24/29 MP: 3/3
   492 | D:2      | Found an ancient bone altar of Kikubaaqudgha.
   778 | D:2      | Got the Parchment of Disestablishmentarianism
   834 | D:2      | Reached XP level 4. HP: 35/35 MP: 4/4
  1197 | D:2      | Identified the +0 robe "Lualuol" {Rampage *Corrode rF+
                  | Will+ Str+2}
  1597 | D:3      | Found a faded altar of an unknown god.
  1764 | D:3      | Noticed Natasha
  1768 | D:3      | Noticed Sigmund
  1802 | D:3      | Killed Natasha
  1803 | D:3      | Reached XP level 5. HP: 18/42 MP: 5/5
  1804 | D:3      | Noticed a water moccasin
  2280 | D:3      | Killed Sigmund
  2281 | D:3      | Gained mutation: A meltable shield of frost defends you.
                  | (SH +4) [demonic ancestry]
  2281 | D:3      | Reached XP level 6. HP: 25/48 MP: 6/6
  2285 | D:3      | Killed a water moccasin
  2319 | D:3      | Noticed Natasha
  2327 | D:3      | Killed Natasha
  3027 | D:3      | Noticed Natasha
  3047 | D:3      | Killed Natasha
  3201 | D:4      | Gained mutation: Your touch may inflict minor irresistible
                  | damage on your foes. [demonic ancestry]
  3201 | D:4      | Reached XP level 7. HP: 55/55 MP: 7/7
  3237 | D:4      | Slain by a gnoll

Illustrated notes

Levels and vault maps discovered:
D:1:      wander_arrival_estate, layout_rooms
D:2:      wander_river, layout_loops_corners, basic_altar
D:3:      layout_basic, hellmonk_ecumenical_altar_pennies_from_heaven,
          uniq_natasha, uniq_sigmund
D:4:      layout_basic, lemuel_zombie_altar_kikubaaqudgha, grunt_ministairs_15,
          uniq_crazy_yiuf_cottage

Skill      XL: |  1  2  3  4  5  6 |
---------------+-------------------+-----
Axes           | 2 3 |  3.8
Armour         | 3 4 |  4.1
Shields        | 3 4 |  4.2
Fighting       | 4 |  4.8

Action                     |  1- 3 |  4- 6 |  7- 9 || total
---------------------------+-------+-------+-------++-------
  Melee: War axe           |    87 |    74 |    14 ||   175
         Unarmed           |       |    15 |       ||    15
    Use: Scroll            |       |     6 |       ||     6
         Potion            |       |     2 |       ||     2
 Armour: Scale mail        |    54 |    38 |    11 ||   103
         Skin              |       |    27 |       ||    27
  Dodge: Dodged            |    55 |    48 |    11 ||   114
  Block: Buckler           |    21 |    36 |    15 ||    72

Table legend: (Time is in decaauts)
 A = Elapsed time spent in this place.
 B = Non-inter-level travel time spent in this place.
 C = Inter-level travel time spent in this place.
 D = Time resting spent in this place.
 E = Time spent auto-exploring this place.
 F = Levels seen in this place.
 G = Mean time per level.
                   A        B        C        D        E       F      G
               +--------+--------+--------+--------+--------+-----+--------+
         Total |   3318 |   3255 |     63 |    262 |   1843 |   4 |  829.5 |
       Dungeon |   3318 |   3255 |     63 |    262 |   1843 |   4 |  829.5 |
               +--------+--------+--------+--------+--------+-----+--------+

Top non-repeatable levels by time:
     D:3: 1432 daAuts
     D:2: 1301 daAuts
     D:1: 479 daAuts
     D:4: 105 daAuts
